 Dungeon Crawl Stone Soup version 0.29.1-12-g30fa7ad0bf (webtiles) character file.

Game seed: 9704809163515536081

407 FexLirch the Ruffian (level 6, -1/55 HPs)
             Began as a Ghoul Monk on Jan 6, 2023.
             Was a Believer of Ru.
             Killed from afar by Ijyb (7 damage)
             ... with a puff of flame
             ... on level 4 of the Dungeon.
             The game lasted 00:03:15 (3391 turns).

FexLirch the Ruffian (Ghoul Monk)                   Turns: 3391, Time: 00:03:16

Health: -1/55      AC:  4    Str: 17    XL:     6   Next: 88%
Magic:  14/14      EV:  8    Int:  5    God:    Ru [**....]
Gold:   204        SH: 11    Dex: 11    Spells: 5/5 levels left

rFire   . . .      SeeInvis .     - Unarmed
rCold   + . .      Faith    .   u - +0 tower shield
rNeg    + + +      Spirit   .   j - +0 leather armour
rPois   ∞          Reflect  .   t - +0 helmet
rElec   .          Harm     .   (no cloak)
rCorr   .          Rampage  .   (no gloves)
Will    .....                   (no boots)
Stlth   ++........              (no amulet)
HPRegen 0.00/turn               d - +4 ring of slaying
MPRegen 0.14/turn               s - ring of magical power

@: mighty, inhibited regen
A: claws 1, cold resistance 1, negative energy resistance 3, inhibited
regeneration, torment resistance 2, hated by all, devour on kill
a: Renounce Religion


You were on level 4 of the Dungeon.
You worshipped Ru.
Ru was pleased with you.
You visited 1 branch of the dungeon, and saw 4 of its levels.

You collected 204 gold pieces.

Inventory:

Missiles
 i - 10 poisoned darts (quivered)
Armour
 a - a +0 robe
 j - a +0 leather armour (worn)
 t - a +0 helmet (worn)
 u - a +0 tower shield (worn)
Jewellery
 d - a +4 ring of slaying (left claw)
 s - a ring of magical power (right claw)
Scrolls
 b - a scroll of silence {unknown}
 c - a scroll of poison {unknown}
 e - a scroll of amnesia {unknown}
 g - 3 scrolls of vulnerability {unknown}
 h - 3 scrolls of identify {unknown}
 l - a scroll of magic mapping {unknown}
 m - a scroll of blinking {unknown}
 o - a scroll of enchant armour {unknown}
 q - a scroll of fear {unknown}
 x - a scroll of noise {unknown}
 y - a scroll of enchant weapon {unknown}
 A - a scroll of teleportation {unknown}
Potions
 f - a potion of brilliance {unknown}
 k - a potion of invisibility {unknown}
 n - a potion of resistance {unknown}
 p - a potion of flight {unknown}
 r - a potion of heal wounds {unknown}
 v - a potion of berserk rage {unknown}
 w - a potion of mutation {unknown}
 z - 2 potions of curing {unknown}
 B - a potion of might


   Skills:
 + Level 4.9 Fighting
 - Level 3.1 Dodging
 - Level 2.1 Stealth
 + Level 2.2 Shields
 * Level 6.3 Unarmed Combat


You had 5 spell levels left.
You didn't know any spells.
Your spell library contained the following spells:

 Spells                   Type           Power      Damage    Failure   Level
 Sandblast                Erth           0%         2d4       100%        1
 Passwall                 Tmut/Erth      0%         N/A       100%        2
 Stone Arrow              Conj/Erth      0%         3d7       100%        3


Dungeon Overview and Level Annotations

Branches:
Dungeon (4/15)
 Temple: D:4-7

Altars:
Ru

Annotations:
D:4 Ijyb


Innate Abilities, Weirdness & Mutations

You are immune to poison.
You have sharp fingernails.
Your flesh is cold resistant. (rC+)
You are immune to negative energy. (rN+++)
You do not regenerate when monsters are visible.
You are immune to unholy pain and torment.
You are hated by all.
You thrive by killing the living.


Message History

The hound is severely wounded.
The hound bites you. The hound bites you but does no damage.
You completely miss the hound.
The hound is severely wounded.
The hound bites you but does no damage. x2
You claw the hound!
You kill the hound!
You feel better.
You closely miss Ijyb. Ijyb hits you with a +0 club!
Ijyb hits you but does no damage.
You scratch Ijyb.
Ijyb is moderately wounded.
You block Ijyb's attack.
You scratch Ijyb but do no damage.
Ijyb is moderately wounded.
Ijyb grins evilly.
Ijyb zaps a wand.
The puff of flame hits you!
* * * LOW HITPOINT WARNING * * *
You scratch Ijyb.
Ijyb is moderately wounded.
You block Ijyb's attack.
You scratch Ijyb.
Ijyb is heavily wounded.
You block Ijyb's attack. Ijyb hits you with a +0 club.
* * * LOW HITPOINT WARNING * * *
You closely miss Ijyb.
Ijyb is heavily wounded.
You block Ijyb's attack.
You barely miss Ijyb.
Ijyb is heavily wounded.
Ijyb zaps a wand.
The puff of flame hits you!
* * * LOW HITPOINT WARNING * * *
Ijyb misses you.
It was a potion of might.
You feel very mighty all of a sudden. You block Ijyb's attack.
You claw Ijyb!
Ijyb is almost dead.
Ijyb zaps a wand.
The puff of flame hits you!
You die...

#.# #.# #.# #.# #
... # #.# ##+###
#g# #..... #.###@#
#..... #.....####
###.....
####.....##
#....... ##.##..#
#....... #.###.###
#....... #.#
#...###.......
#.#####..##.......
..................
..######.###......


You could see Ijyb.

Vanquished Creatures
  Sigmund (D:2)
  An ogre (D:4)
  A hound (D:4)
  An iguana (D:4)
  A gnoll (D:2)
  4 adders
  3 worms (D:2)
  A dart slug (D:3)
  8 ball pythons
  2 endoplasms
  A giant cockroach (D:1)
  4 goblins
  4 hobgoblins
  2 jackals (D:2)
  3 quokkas
  6 bats
  6 frilled lizards
  2 kobolds
  4 rats
55 creatures vanquished.

Notes
Turn   | Place    | Note
-------+----------+-------------------------------------------
     0 | D:1      | FexLirch the Ghoul Monk began the quest for the Orb.
     0 | D:1      | Reached XP level 1. HP: 19/19 MP: 0/0
   358 | D:1      | Reached XP level 2. HP: 25/26 MP: 1/1
  1149 | D:2      | Reached skill level 4 in Unarmed Combat
  1170 | D:2      | Reached XP level 3. HP: 33/33 MP: 2/2
  1617 | D:2      | Found a faded altar of an unknown god.
  1695 | D:2      | Reached XP level 4. HP: 13/40 MP: 3/3
  2157 | D:2      | Noticed Sigmund
  2183 | D:2      | Killed Sigmund
  2184 | D:2      | Reached skill level 1 in Shields
  2184 | D:2      | Reached skill level 5 in Unarmed Combat
  2184 | D:2      | Reached XP level 5. HP: 35/47 MP: 4/4
  2184 | D:2      | Reached XP level 6. HP: 40/53 MP: 5/5
  2845 | D:3      | Found a sacrificial altar of Ru.
  3160 | D:3      | Became a worshipper of Ru the Awakened
  3170 | D:3      | Gained mutation: You are hated by all. [Ru sacrifice]
  3170 | D:3      | Reached * piety under Ru
  3170 | D:3      | Reached ** piety under Ru
  3252 | D:4      | Reached skill level 6 in Unarmed Combat
  3369 | D:4      | Noticed Ijyb
  3391 | D:4      | Killed from afar by Ijyb

Illustrated notes

Levels and vault maps discovered:
D:1:      sevenhm_arrival_forest_fort_small_3, layout_basic, st_stairs_1,
          nicolae_kite_square_tiling_tiny
D:2:      layout_loops_ring, chequers_ecumenical_altar_simple,
          minmay_misc_feat_ornament, cheibrodos_gnoll_hut, uniq_sigmund
D:3:      layout_loops_ring, nicolae_ru_sacrificial_ziggurat,
          nicolae_underground_beach
D:4:      layout_basic, mainiacjoe_overflow_surrounded_room,
          mainiacjoe_overflow_concentric_impassable, minmay_temple_entry_fiery,
          gammafunk_ghost_necromancy, minmay_manual_mullet, uniq_ijyb

Skill      XL: |  1  2  3  4  5  6 |
---------------+-------------------+-----
Unarmed Combat | 4 5 6 |  6.3
Dodging        | 3 |  3.1
Fighting       | 4 |  4.9
Shields        | 1 2 |  2.2
Stealth        | |  2.1

Action                   |  1- 3 |  4- 6 || total
-------------------------+-------+-------++-------
Melee: Unarmed           |    89 |    79 ||   168
       Punch             |     1 |       ||     1
Invok: Sacrifice Love    |       |     1 ||     1
  Use: Potion            |       |     3 ||     3
 Stab: Sleeping          |     7 |     1 ||     8
Armor: Robe              |     3 |       ||     3
       Leather armour    |     4 |    28 ||    32
Dodge: Dodged            |    52 |    24 ||    76
Block: Tower shield      |       |    34 ||    34
